 Dungeon Crawl Stone Soup version 0.27.1-34-g3ba077fa99 (webtiles) character file.

Game seed: 5545643820632815520

4224 zeram the Blocker (level 10, -8/67 (78) HPs)
             Began as a Hill Orc Fighter on Jan 2, 2022.
             Was an Initiate of Gozag.
             Shot with a sling bullet by Joseph (19 damage)
             ... on level 7 of the Dungeon.
             The game lasted 00:13:52 (9338 turns).

zeram the Blocker (Hill Orc Fighter)                Turns: 9338, Time: 00:13:52

HP:   -8/67 (78)    AC:  0    Str: 23    XL:     10   Next: 30%
MP:   0/10          EV: 15    Int:  8    God:    Gozag
Gold: 179           SH:  0    Dex: 10    Spells: 9/9 levels left

rFire    . . .     SeeInvis .   (weapon currently unavailable)
rCold    . . .     Faith    .   (shield currently unavailable)
rNeg     . . .     Spirit   +   (armour currently unavailable)
rPois    .         Reflect  .   (helmet currently unavailable)
rElec    .         Harm     .   (cloak currently unavailable)
rCorr    .         Rampage  .   (gloves currently unavailable)
Will     .....                  (boots currently unavailable)
Stlth    +.........             u - amulet of guardian spirit
HPRegen  0.21/turn              (ring currently unavailable)
MPRegen  0.12/turn              (ring currently unavailable)

@: pig-form, gold aura, hasted, heavily drained, very quick
A: fast, no casting, small
a: Renounce Religion, Potion Petition, Call Merchant, Bribe Branch


You were on level 7 of the Dungeon.
You worshipped Gozag.
Gozag was aware of your devotion.
You were a filthy swine.
You visited 2 branches of the dungeon, and saw 8 of its levels.

You collected 524 gold pieces.
You spent 231 gold pieces at shops.
You paid 114 gold pieces to Gozag.

Inventory:

Hand Weapons
 a - a +0 vampiric war axe
 p - the +4 hand axe of Blind Justice (melded) {vorpal, rPois rC+ Str+4}
   (You found it on level 7 of the Dungeon)

   It inflicts extra damage upon your enemies.
   Str:       It affects your strength (+4).
   rC:        It protects you from cold.
   rPois:     It protects you from poison.
 s - a +2 whip of electrocution
 A - the +4 dagger of Fingiywn {freeze, rPois rF+++ rCorr Int-5}
   (You found it on level 4 of the Dungeon)

   It freezes those it strikes, dealing additional cold damage.
   It can also slow down cold-blooded creatures.
   Int:       It affects your intelligence (-5).
   rF:        It renders you almost immune to fire.
   rPois:     It protects you from poison.
   rCorr:     It protects you from acid and corrosion.
Missiles
 h - a throwing net (quivered)
Armour
 b - a +0 scale mail (melded)
 c - a +0 kite shield (melded)
 o - a +2 pair of gloves of archery
 t - a +1 pair of boots (melded)
 v - a +1 pair of boots
 x - a +1 robe of resistance
 H - a +1 pair of gloves (melded)
Jewellery
 e - a ring of positive energy (melded)
 j - a ring of protection from fire (melded)
 u - an amulet of guardian spirit (around neck)
 B - a ring of willpower
 G - a ring of poison resistance
Wands
 r - a wand of mindburst (16)
 J - a wand of polymorph (7)
 K - a wand of iceblast (20)
 N - a wand of charming (2)
Scrolls
 i - a scroll of fear
 y - 2 scrolls of identify
 E - a scroll of summoning
 F - a scroll of brand weapon
 M - 2 scrolls of vulnerability {unknown}
 O - a scroll of holy word {unknown}
Potions
 d - 3 potions of flight
 f - 2 potions of brilliance
 g - a potion of invisibility {unknown}
 k - a potion of resistance
 l - 6 potions of curing
 m - a potion of mutation {unknown}
 n - a potion of magic {unknown}
 q - a potion of haste
 w - a potion of attraction {unknown}
 z - a potion of lignification {unknown}
 C - a potion of ambrosia {unknown}
 D - 3 potions of degeneration {unknown}
 I - a potion of cancellation {unknown}
 L - 2 potions of berserk rage


   Skills:
 + Level 4.0 Fighting
 - Level 2.6 Axes
 + Level 10.4 Armour
 + Level 5.0 Dodging
 + Level 10.9 Shields


You had 9 spell levels left.
You didn't know any spells.
Your spell library contained the following spells:

 Spells                   Type           Power      Damage    Failure   Level
 Animate Skeleton         Necr           0%         N/A       41%         1
 Magic Dart               Conj           0%         1d3       41%         1
 Pain                     Necr           0%         1d4       41%         1
 Call Imp                 Summ           0%         N/A       54%         2
 Sublimation of Blood     Necr           0%         N/A       54%         2
 Mephitic Cloud           Conj/Pois/Air  0%         N/A       78%         3
 Vampiric Draining        Necr           0%         2d6       78%         3
 Petrify                  Tmut/Erth      0%         N/A       99%         4
 Fireball                 Conj/Fire      0%         3d3       100%        5
 Irradiate                Conj/Tmut      0%         3d13      100%        5
 Starburst                Conj/Fire      0%         6d3       100%        6
 Ignition                 Fire           0%         3d3       100%        8


Dungeon Overview and Level Annotations

Branches:
Dungeon (7/15)             Temple (1/1) D:6

Altars:
Ashenzari
Cheibriados
Dithmenos
Fedhas
Gozag
Hepliaklqana
Kikubaaqudgha
Makhleb
Okawaru
Qazlal
Ru
Sif Muna
Trog
Uskayaw
Vehumet
Wu Jian
Xom
Yredelemnul

Shops:
D:5 !

Annotations:
D:7 4 runed translucent doors, Joseph


Message History

Joseph hits you with a +1 quarterstaff of draining.
You partially resist.
You feel drained.
You hit Joseph but do no damage.
Joseph is severely wounded.
Your shield and scale mail prevent you from hitting the bullfrog.
You block the bullfrog's attack. The bullfrog hits you.
You slash Joseph!
Joseph is almost dead.
You slash the bullfrog!
You kill the bullfrog!
You block Joseph's attack.
Your Fighting skill increases to level 4!
You slash Joseph!
Joseph is almost dead.
Joseph zaps a wand.
You turn into a filthy swine.
The +4 hand axe of Blind Justice {vorpal, rPois rC+ Str+4} melds into your body.
Your +1 pair of gloves melds into your body.
Your +1 pair of boots melds into your body.
Your +0 kite shield melds into your body.
Your +0 scale mail melds into your body.
Your ring of protection from fire melds into your body.
Your ring of positive energy melds into your body.
You hit Joseph but do no damage.
Joseph is almost dead.
Joseph closely misses you.
You barely miss Joseph.
Joseph is almost dead.
You barely miss Joseph.
Joseph is almost dead.
Joseph hits you with a +1 quarterstaff of draining!
* * * LOW HITPOINT WARNING * * *
You feel drained.
* * * LOW HITPOINT WARNING * * *
You see here 7 gold pieces.
Joseph unwields a +1 quarterstaff of draining.
Joseph wields a +1 hunting sling of freezing.
It is covered in frost.
Joseph shoots a sling bullet.
The sling bullet hits you!!
You die...
Your body crumbles into a pile of gold.

≈≈#..#####.....## ≈...## #.....#
#.### ≈.### #)....#### ####... .
### #........#######.....##. #
##..........>.....##.....
#########.....>........##......##
..........######.#####....#......
.########## ####..###..<.........
.# #@.$h....<........... .#
#.#####...#####..<... .#####...
... ##...# #....(> .......# ####
## .... #.....^ ≈.####### ##..
##....#####. ≈.#### #.## ... ##[
. #. ≈....###..###.# ## #. #.
≈)88..###.##..## #.##.
...............# #....


You could see Joseph.

Vanquished Creatures
  Grinder (D:5)
  A slime creature (D:7)
  Prince Ribbit (D:7)
  Sigmund (D:4)
  A wyvern (D:7)
  A steam dragon (D:5)
  A vampire mosquito (D:6)
  Menkaure (D:5)
  Duvessa (D:7)
  A water moccasin (D:6)
  A sky beast (D:5)
  3 ice beasts
  An ogre (D:4)
  2 necrophages (D:7)
  A centaur (D:6)
  A phantom (D:5)
  2 bullfrogs (D:7)
  Blork the orc (D:5)
  4 scorpions (D:5)
  A water moccasin zombie (D:6)
  Dowan (D:7)
  2 wyvern skeletons
  8 wights
  A howler monkey (D:6)
  2 centaur zombies
  A bullfrog zombie (D:6)
  5 hounds
  A jelly (D:6)
  An orc priest (D:6)
  A centaur skeleton (D:7)
  5 iguanas
  2 orc wizards
  A howler monkey zombie (D:6)
  3 gnolls (D:3)
  2 adders
  A white imp (D:7)
  2 worms
  2 dart slugs (D:2)
  13 orcs
  7 ball pythons
  9 endoplasms
  6 giant cockroaches
  11 goblins
  5 hobgoblins
  9 jackals
  6 quokkas
  7 bats
  8 frilled lizards
  6 kobolds
  8 rats
163 creatures vanquished.

Vanquished Creatures (others)
  5 plants (D:5)
5 creatures vanquished.

Grand Total: 168 creatures vanquished

Notes
Turn   | Place    | Note
-------+----------+-------------------------------------------
     0 | D:1      | zeram the Hill Orc Fighter began the quest for the Orb.
     0 | D:1      | Reached XP level 1. HP: 19/19 MP: 1/1
   132 | D:1      | Reached XP level 2. HP: 26/26 MP: 2/2
   624 | D:1      | Found a faded altar of an unknown god.
   687 | D:1      | Reached XP level 3. HP: 31/31 MP: 3/3
  1967 | D:2      | Reached XP level 4. HP: 39/39 MP: 4/4
  2551 | D:3      | Reached skill level 1 in Dodging
  2551 | D:3      | Reached XP level 5. HP: 25/45 MP: 3/5
  3254 | D:4      | Found a burning altar of Makhleb.
  3282 | D:4      | Reached skill level 5 in Armour
  3282 | D:4      | Reached skill level 5 in Shields
  3411 | D:4      | Noticed Sigmund
  3457 | D:4      | Killed Sigmund
  3458 | D:4      | Reached XP level 6. HP: 28/51 MP: 3/6
  3929 | D:4      | Identified the +4 dagger of Fingiywn {freeze, rPois rF+++
                  | rCorr Int-5}
  4142 | D:5      | Entered Level 5 of the Dungeon
  4247 | D:5      | Noticed Grinder
  4252 | D:5      | Paralysed by Grinder for 6 turns
  4275 | D:5      | Paralysed by Grinder for 2 turns
  4284 | D:5      | Killed Grinder
  4285 | D:5      | Reached XP level 7. HP: 35/57 MP: 5/7
  4418 | D:5      | Noticed a steam dragon
  4438 | D:5      | Killed a steam dragon
  4802 | D:4      | Reached XP level 8. HP: 64/64 MP: 8/8
  5339 | D:5      | Found an iron altar of Okawaru.
  5381 | D:5      | Found Koug Lie's Distillery.
  5517 | D:5      | Noticed Blork the orc
  5524 | D:5      | Killed Blork the orc
  5636 | D:5      | Noticed Menkaure
  5646 | D:5      | Killed Menkaure
  6316 | D:6      | Reached XP level 9. HP: 46/70 MP: 5/9
  6457 | D:6      | Found a hazy altar of Hepliaklqana.
  7833 | D:6      | Found a staircase to the Ecumenical Temple.
  7840 | D:6      | Reached skill level 10 in Shields
  7843 | Temple   | Entered the Ecumenical Temple
  8028 | Temple   | Became a worshipper of Gozag Ym Sagoz the Greedy
  8275 | D:5      | Bought a potion of berserk rage for 55 gold pieces
  8275 | D:5      | Bought a potion of haste for 110 gold pieces
  8275 | D:5      | Bought a potion of curing for 33 gold pieces
  8275 | D:5      | Bought a potion of curing for 33 gold pieces
  8375 | D:7      | Found a large runed translucent door.
  8375 | D:7      | Found a large runed translucent door.
  8375 | D:7      | Noticed a troll
  8375 | D:7      | Noticed a troll
  8380 | D:7      | Found a large runed translucent door.
  8380 | D:7      | Found a large runed translucent door.
  8437 | D:7      | Reached skill level 10 in Armour
  8493 | D:7      | Reached XP level 10. HP: 35/77 MP: 1/10
  8496 | D:7      | Identified the +4 hand axe of Blind Justice {vorpal, rPois
                  | rC+ Str+4}
  8732 | D:7      | Noticed Duvessa
  8748 | D:7      | Noticed Dowan
  8751 | D:7      | Killed Duvessa
  9036 | D:7      | Killed Dowan
  9084 | D:7      | Noticed Prince Ribbit
  9105 | D:7      | Killed Prince Ribbit
  9106 | D:7      | Reached skill level 5 in Dodging
  9311 | D:7      | Noticed Joseph
  9338 | D:7      | Shot with a sling bullet by Joseph

Illustrated notes

Levels and vault maps discovered:
D:1:      co_arrival_random_square_maze, layout_basic, basic_ecumenical_altar,
          minmay_octomino_e4
D:2:      layout_loops_ring, minmay_randomly_rotated_circles
D:3:      layout_loops_ring
D:4:      layout_gridville, lightli_temple_of_fire, uniq_sigmund
D:5:      layout_loops_ring, mainiacjoe_overflow_paths, serial_shops, shop,
          st_stairs_14, minmay_lizard_king, uniq_grinder, uniq_blork_the_orc,
          uniq_menkaure
D:6:      minmay_chambers_of_fours, layout_cave_pools, lemuel_round_altar,
          temple_green
D:7:      wander_river, layout_rooms, minmay_hollow_rounded_squares,
          uniq_joseph, uniq_duvessa, uniq_prince_ribbit1
Temple:   regret_index_temple_waves

Skill      XL: |  1  2  3  4  5  6  7  8  9 10 |
---------------+-------------------------------+-----
Shields        | 4 5 6 8 10 | 10.9
Armour         | 4 5 6 7 8 10 | 10.4
Dodging        | 1 2 3 4 5 |  5.0
Fighting       | 4 |  4.0
Axes           | |  2.6

Action                   |  1- 3 |  4- 6 |  7- 9 | 10-12 || total
-------------------------+-------+-------+-------+-------++-------
Melee: War axe           |   141 |   132 |       |       ||   273
       Dagger            |       |    31 |   499 |       ||   530
       Hand axe          |       |       |       |    87 ||    87
       Unarmed           |       |       |       |     3 ||     3
Evoke: Wand              |       |       |     1 |       ||     1
  Use: Scroll            |       |     8 |     6 |       ||    14
       Potion            |       |     2 |     3 |     1 ||     6
 Stab: Distracted        |       |       |       |     1 ||     1
Armor: Scale mail        |    78 |    99 |   178 |    16 ||   371
Dodge: Dodged            |    44 |    58 |   143 |    27 ||   272
Block: Kite shield       |    86 |   109 |   269 |    58 ||   522
